 Dungeon Sprint DCSS version 0.26-a0-1053-gaff5f71418 (webtiles) character file.

Game seed: 6987720315257556257

5493 mhtbhm the Bludgeoner (level 10, -6/97 HPs)
             Began as a Minotaur Fighter on Dec 13, 2020.
             Was an Initiate of Gozag.
             Mangled by a catoblepas (7 damage)
             ... in the Dungeon (Sprint IX: "|||||||||||||||||||||||||||||").
             The game lasted 00:03:17 (1296 turns).

mhtbhm the Bludgeoner (Minotaur Fighter)            Turns: 1296, Time: 00:03:17

Health: -6/97      AC: 19    Str: 23    XL:     10   Next: 42%
Magic:  9/9        EV: 15    Int:  5    God:    Gozag
Gold:   1953       SH: 13    Dex: 11    Spells: 9/9 levels left

rFire    . . .     SeeInvis +   a - +2 morningstar (protect)
rCold    . . .     Faith    .   c - +0 kite shield
rNeg     . . .     Spirit   .   b - +0 scale mail
rPois    .         Reflect  .   s - +1 hat {SInv}
rElec    .         Harm     .   (no cloak)
rCorr    .         Rampage  .   (no gloves)
Will     .....     NoTele   +   q - +0 pair of boots
Stlth    +.........             (no amulet)
HPRegen  0.26/turn              o - +2 ring of evasion
MPRegen  0.11/turn              (no ring)

@: gold aura, protection aura
A: retaliatory headbutt, horns 2
a: Potion Petition, Call Merchant, Bribe Branch, Renounce Religion


You were in the Dungeon.
You worshipped Gozag.
Gozag was most pleased with you.
You visited 1 branch You collected 1953 gold pieces.

Inventory:

Hand Weapons
 a - a +2 morningstar of protection (weapon)
Armour
 b - a +0 scale mail (worn)
 c - a +0 kite shield (worn)
 q - a +0 pair of boots (worn)
 s - a +1 hat of see invisible (worn)
Jewellery
 o - a +2 ring of evasion (left hand)
 p - a +3 ring of intelligence
Wands
 n - a wand of acid (6)
Scrolls
 j - 2 scrolls of blinking
 l - 4 scrolls of remove curse
 m - 2 scrolls of amnesia
 u - 3 scrolls of enchant armour
 v - a scroll of identify
 w - 2 scrolls of fear
Potions
 d - a potion of might
 e - a potion of invisibility
 f - 7 potions of heal wounds
 g - a potion of haste
 h - 4 potions of magic
 i - a potion of berserk rage
 k - 6 potions of curing
 r - a potion of lignification {unknown}
 t - a potion of brilliance


   Skills:
 + Level 12.0 Fighting
 + Level 17.0 Maces & Flails
 + Level 12.8 Armour
 + Level 6.3 Dodging
 + Level 5.0 Stealth
 + Level 13.3 Shields
 + Level 2.3 Evocations


You had 9 spell levels left.
You didn't know any spells.
Your spell library contained the following spells:

 Spells                   Type           Power        Failure   Level
 Ice Form                 Ice/Tmut       #.......     100%        4
 Metabolic Englaciation   Hex/Ice        #.........   100%        5
 Freezing Cloud           Conj/Ice/Air   #.........   100%        6
 Ozocubu's Refrigeration  Ice            #.........   100%        6
 Simulacrum               Ice/Necr       #.........   100%        6


Dungeon Overview and Level Annotations

Branches:
Dungeon (1/1)

Altars:
Cheibriados
Dithmenos
Elyvilon
Fedhas
Gozag
Hepliaklqana
Kikubaaqudgha
Makhleb
Nemelex Xobeh
Okawaru
Qazlal
Ru
Sif Muna
Trog
Uskayaw
Vehumet
Wu Jian
Xom
Yredelemnul
Zin
The Shining One
Beogh
Jiyva
Lugonu


Innate Abilities, Weirdness & Mutations

You reflexively headbutt those who attack you in melee.
You have a pair of horns on your head.


Message History

The acid corrodes the cane toad!
The cane toad is almost dead.
The bolt of acid hits the rime drake!
The rime drake is splashed with acid.
The acid corrodes the rime drake!
The rime drake is heavily wounded.
The bolt of acid hits the yak!!
The yak is splashed with acid.
The yak is heavily wounded.
The blink frog blinks!
The rime drake becomes distracted by the nearby gold, dreaming of imaginary riches.
The catoblepas gores you but does no damage.
The rime drake hisses angrily.
You hit the catoblepas. Your headbutt misses the catoblepas.
The catoblepas is moderately wounded.
The blink frog hits you.
* * * LOW HITPOINT WARNING * * *
You hit the catoblepas.
The catoblepas is moderately wounded.
You block the blink frog's attack. The catoblepas gores you!
You die...
Your body crumbles into a pile of gold.

▓▓▓▓▓▓▓▓▓▓▓▓▓▓▓▓▓▓▓▓▓▓▓▓▓▓▓▓▓▓▓▓▓
.[.[.)..'________________________
▓▓▓▓▓▓▓▓▓▓▓▓▓▓▓▓▓▓▓▓▓▓▓▓▓▓▓▓▓▓▓▓▓
.................................
▓▓▓▓▓▓▓▓▓▓▓▓▓▓▓▓▓▓▓▓▓▓▓▓▓▓▓▓▓▓▓▓▓
..YkFSY@F'.........'....
▓▓▓▓▓▓▓▓▓▓▓▓▓▓▓▓▓▓▓▓▓▓▓▓ $ $


$$$$$ $$$$$$$$$$$$ $$$$$$$$$$ You could see a catoblepas (corroded), a black
mamba, a yak, a cane toad (corroded), a blink frog and a rime drake (corroded).

Vanquished Creatures
  Gastronok (D)
  A hydra (D)
  An ugly thing (D)
  2 manticores (D)
  2 cane toads (D)
  A komodo dragon (D)
  A blink frog (D)
  2 yaks (D)
  4 water moccasins (D)
  A phantom (D)
  A sky beast (D)
  An eye of draining (D)
  A bullfrog (D)
  A scorpion (D)
  A howler monkey (D)
  An orc priest (D)
  A worker ant (D)
  An adder (D)
  An adder skeleton (D)
  3 orcs (D)
  A bat skeleton (D)
  2 hobgoblins (D)
  A ball python zombie (D)
  A goblin (D)
  A kobold (D)
  A rat (D)
35 creatures vanquished.

Notes
Turn   | Place    | Note
-------+----------+-------------------------------------------
     0 | D        | mhtbhm the Minotaur Fighter began the quest for the Orb.
     0 | D        | Reached XP level 1. HP: 19/19 MP: 0/0
    14 | D        | Noticed an orc priest
    14 | D        | Noticed a howler monkey
    14 | D        | Noticed a worker ant
    22 | D        | Reached skill level 3 in Maces & Flails
    22 | D        | Reached XP level 2. HP: 28/28 MP: 1/1
    29 | D        | Reached skill level 5 in Fighting
    29 | D        | Reached skill level 4 in Maces & Flails
    29 | D        | Reached skill level 5 in Armour
    29 | D        | Reached skill level 5 in Shields
    29 | D        | Reached XP level 3. HP: 30/36 MP: 2/2
    33 | D        | Reached XP level 4. HP: 36/45 MP: 3/3
    39 | D        | Reached skill level 5 in Maces & Flails
    47 | D        | Found a roughly hewn altar of Beogh.
    47 | D        | Found a snail-covered altar of Cheibriados.
    47 | D        | Found a shadowy altar of Dithmenos.
    47 | D        | Found a white marble altar of Elyvilon.
    47 | D        | Found a blossoming altar of Fedhas.
    47 | D        | Found an opulent altar of Gozag.
    48 | D        | Found a hazy altar of Hepliaklqana.
    49 | D        | Found a viscous altar of Jiyva.
    50 | D        | Found an ancient bone altar of Kikubaaqudgha.
    51 | D        | Found a corrupted altar of Lugonu.
    52 | D        | Found a burning altar of Makhleb.
    53 | D        | Found a sparkling altar of Nemelex Xobeh.
    54 | D        | Found an iron altar of Okawaru.
    55 | D        | Found a stormy altar of Qazlal.
    56 | D        | Found a sacrificial altar of Ru.
    57 | D        | Found a shimmering blue altar of Sif Muna.
    68 | D        | Found a bloodstained altar of Trog.
    69 | D        | Found a hide-covered altar of Uskayaw.
    70 | D        | Found a radiant altar of Vehumet.
    77 | D        | Became a worshipper of Gozag Ym Sagoz the Greedy
    84 | D        | Found an ornate altar of the Wu Jian Council.
    85 | D        | Found a shimmering altar of Xom.
    86 | D        | Found a basalt altar of Yredelemnul.
    87 | D        | Found a glowing silver altar of Zin.
    88 | D        | Found a glowing golden altar of the Shining One.
   112 | D        | Noticed a sky beast
   112 | D        | Noticed an eye of draining
   131 | D        | Killed an eye of draining
   132 | D        | Reached skill level 7 in Maces & Flails
   132 | D        | Reached skill level 1 in Dodging
   132 | D        | Reached XP level 5. HP: 52/52 MP: 0/4
   143 | D        | Killed a sky beast
   144 | D        | Reached skill level 8 in Maces & Flails
   144 | D        | Reached XP level 6. HP: 21/61 MP: 1/5
   357 | D        | Noticed a manticore
   357 | D        | Noticed a manticore
   357 | D        | Noticed a cyan ugly thing
   364 | D        | Killed a cyan ugly thing
   365 | D        | Reached skill level 10 in Maces & Flails
   365 | D        | Reached skill level 10 in Shields
   365 | D        | Reached XP level 7. HP: 70/70 MP: 6/6
   371 | D        | Killed a manticore
   372 | D        | Reached skill level 11 in Maces & Flails
   372 | D        | Reached skill level 10 in Armour
   372 | D        | Reached skill level 1 in Stealth
   372 | D        | Reached XP level 8. HP: 76/79 MP: 7/7
   380 | D        | Killed a manticore
   381 | D        | Reached skill level 10 in Fighting
   381 | D        | Reached skill level 12 in Maces & Flails
   798 | D        | Noticed Gastronok
   817 | D        | Killed Gastronok
   818 | D        | Reached skill level 15 in Maces & Flails
   818 | D        | Reached skill level 5 in Dodging
   818 | D        | Reached skill level 1 in Evocations
   818 | D        | Reached XP level 9. HP: 48/89 MP: 8/8
  1049 | D        | Noticed a komodo dragon
  1049 | D        | Noticed a cane toad
  1049 | D        | Noticed a cane toad
  1050 | D        | Noticed a five-headed hydra
  1057 | D        | Killed a cane toad
  1062 | D        | Killed a cane toad
  1078 | D        | Reached skill level 16 in Maces & Flails
  1078 | D        | Reached XP level 10. HP: 73/96 MP: 9/9
  1088 | D        | Killed a five-headed hydra
  1265 | D        | Noticed a catoblepas
  1265 | D        | Noticed a black mamba
  1266 | D        | Noticed a cane toad
  1274 | D        | Reached skill level 5 in Stealth
  1280 | D        | Reached skill level 17 in Maces & Flails
  1293 | D        | HP: 4/97 [catoblepas (14)]
  1295 | D        | HP: 1/97 [blink frog (3)]
  1296 | D        | Mangled by a catoblepas

Illustrated notes

Levels and vault maps discovered:
D:        linesprint [early_d, line_temple, items_1, d_10, items_2, lair_1,
          lair_end, items_3, orc_1, orc_end, items_4, d_15, swamp_1, shoals_1,
          snake_1, spider_1, d_20, vaults_1, items_5, swamp_end, shoals_end,
          snake_end, spider_end, vaults_end, d_27, items_6, zot_1, zot_end,
          crypt_end, forest_end, elf_end, slime_end, tomb_end, abyss_end,
          pan_hell_end]

Skill      XL: |  1  2  3  4  5  6  7  8  9 10 |
---------------+-------------------------------+-----
Fighting       | 4 5 6 7 8 9 11 12 | 12.0
Armour         | 4 5 6 7 8 9 10 12 | 12.8
Shields        | 4 5 6 7 8 10 12 13 | 13.3
Maces & Flails | 3 4 7 8 10 11 15 16 17 | 17.0
Dodging        | 1 3 5 6 |  6.3
Stealth        | 1 3 4 5 |  5.0
Evocations     | 1 2 |  2.3

Action                   |  1- 3 |  4- 6 |  7- 9 | 10-12 || total
-------------------------+-------+-------+-------+-------++-------
Melee: Flail             |    21 |    41 |       |       ||    62
       Headbutt          |     2 |     9 |    19 |     6 ||    36
       Morningstar       |       |     5 |    62 |    41 ||   108
Evoke: Wand              |       |     1 |     2 |     1 ||     4
  Use: Potion            |     1 |       |       |       ||     1
 Stab: Distracted        |       |       |     2 |     2 ||     4
Armor: Scale mail        |     7 |    11 |    12 |     7 ||    37
Dodge: Dodged            |     5 |     6 |    14 |    17 ||    42
Block: Kite shield       |     9 |    19 |    21 |    18 ||    67

Table legend: (Time is in decaauts)
 A = Elapsed time spent in this place.
 B = Non-inter-level travel time spent in this place.
 C = Inter-level travel time spent in this place.
 D = Time resting spent in this place.
 E = Time spent auto-exploring this place.
 F = Levels seen in this place.
 G = Mean time per level.
                   A        B        C        D        E       F      G
               +--------+--------+--------+--------+--------+-----+--------+
         Total |   1297 |   1297 |      0 |    493 |    419 |   1 | 1297.0 |
       Dungeon |   1297 |   1297 |      0 |    493 |    419 |   1 | 1297.0 |
               +--------+--------+--------+--------+--------+-----+--------+

Top non-repeatable levels by time:
       D: 1297 daAuts
